[Event "Titled Tuesday Blitz August 3 2021"]
[White "Alavi, Sayed Javad"]
[Black "Pires, Marcos Vinicius Torsani"]
[WhiteFideId "12500607"]
[BlackFideId "2118939"]
[WhiteElo "2495"]
[BlackElo "2273"]
[Result "1-0"]
[Round "01"]
[TimeControl "180+1"]
[Date "2021.08.03"]
[WhiteClock "0:02:01"]
[BlackClock "0:01:35"]

1. e4 c6 2. d4 d5 3. Nd2 dxe4 4. Nxe4 Bf5 5. Ng3 Bg6 6. h4 h6 7. Nf3 Nd7 8. h5 Bh7 9. Bd3 Bxd3 10. Qxd3 e6 11. Bd2 Ngf6 12. O-O-O Be7 13. Kb1 Qb6 14. Rde1 O-O 15. Nf5 exf5 16. Rxe7 Rfe8 17. Rxe8+ Rxe8 18. Qxf5 Re2 19. Be3 Nd5 20. Qxd7 Nc3+ 21. Ka1 Rxc2 22. Qc8+ Kh7 23. Qf5+ 1-0


[Site "https://www.chess.com"]

[Event "Titled Tuesday Blitz August 3 2021"]
[White "Altman, Joshua"]
[Black "Perez Ponsa, Federico"]
[WhiteFideId "426210"]
[BlackFideId "117927"]
[WhiteElo "1945"]
[BlackElo "2672"]
[Result "1-0"]
[Round "01"]
[TimeControl "180+1"]
[Date "2021.08.03"]
[WhiteClock "0:00:20"]
[BlackClock "0:00:05"]

1. d4 d5 2. c4 e6 3. Nc3 Nf6 4. cxd5 Nxd5 5. e4 Nxc3 6. bxc3 c5 7. Nf3 cxd4 8. cxd4 Bb4+ 9. Bd2 Bxd2+ 10. Qxd2 O-O 11. Bc4 Nd7 12. O-O b6 13. Rfd1 Bb7 14. Bd3 Rc8 15. Rac1 Qe7 16. h3 h6 17. a4 a5 18. Rxc8 Rxc8 19. Rc1 Rxc1+ 20. Qxc1 Nf6 21. Qc2 Qd7 22. Ne5 Qd8 23. Nf3 Qe8 24. Qc7 Bxe4 25. Bxe4 Nxe4 26. Qxb6 Qxa4 27. Qd8+ Kh7 28. Ne5 Qa1+ 29. Kh2 f6 30. Nd7 Kg6 31. Qe8+ Kg5 32. Qxe6 f5 33. g3 Qf1 34. h4+ Kh5 35. Qxf5+ g5 36. Qf7+ Kg4 37. Ne5# 1-0


[Site "https://www.chess.com"]

[Event "Titled Tuesday Blitz August 3 2021"]
[White "Araujo Sanchez, Josue"]
[Black "Silva Lucena, Cristian"]
[WhiteFideId "6416896"]
[BlackFideId "2232588"]
[WhiteElo "2181"]
[BlackElo "2217"]
[Result "1-0"]
[Round "01"]
[TimeControl "180+1"]
[Date "2021.08.03"]
[WhiteClock "0:02:11"]
[BlackClock "0:00:29"]

1. e4 c5 2. Nf3 e6 3. c3 Nf6 4. e5 Nd5 5. d4 cxd4 6. cxd4 b6 7. Nc3 Bb7 8. Bd3 Na6 9. O-O Nab4 10. Bb1 Nxc3 11. bxc3 Nd5 12. c4 Nc3 13. Qb3 Nxb1 14. Rxb1 Be7 15. d5 Bc5 16. Bg5 Be7 17. Be3 Bf8 18. Rfd1 Rc8 19. a4 Bc5 20. Bg5 Be7 21. h4 h6 22. Bxe7 Qxe7 23. a5 O-O 24. axb6 axb6 25. Qxb6 Rb8 26. Qd4 Rfc8 27. Nd2 Ba6 28. Rxb8 Rxb8 29. Qa7 1-0


[Site "https://www.chess.com"]

[Event "Titled Tuesday Blitz August 3 2021"]
[White "Babazada, Khazar"]
[Black "Ogloblin, Nikolay"]
[WhiteFideId "13413554"]
[BlackFideId "4139658"]
[WhiteElo "2344"]
[BlackElo "2244"]
[Result "1-0"]
[Round "01"]
[TimeControl "180+1"]
[Date "2021.08.03"]
[WhiteClock "0:01:44"]
[BlackClock "0:01:40"]

1. e4 c5 2. Nf3 e6 3. d4 cxd4 4. Nxd4 a6 5. Bd3 Qb6 6. Nb3 Nc6 7. O-O Nf6 8. Be3 Qc7 9. Nc3 d6 10. f4 Be7 11. Qe1 b6 12. Qg3 h5 13. Rad1 h4 14. Qh3 e5 15. f5 Nb4 16. Bg5 Ng8 17. Bxe7 Qxe7 18. Qe3 Qc7 19. a3 Nxd3 20. Qxd3 Bb7 21. Qxd6 Rc8 22. Qxc7 Rxc7 23. Rd6 Rc6 24. Rfd1 Rxd6 25. Rxd6 Nf6 26. Rxb6 Bc8 27. Rb8 Ke7 28. Na5 Re8 29. Ra8 Kd6 30. Ra7 Bd7 31. Nc4+ Kc5 32. Rc7+ Bc6 33. b3 Kd4 34. Ne2+ Kxe4 35. Rxc6 Kxf5 36. Nd6+ 1-0


[Site "https://www.chess.com"]

[Event "Titled Tuesday Blitz August 3 2021"]
[White "Bazarov, Konstantin"]
[Black "Korchmar, Vasiliy"]
[WhiteFideId "4137000"]
[BlackFideId "24131750"]
[WhiteElo "2190"]
[BlackElo "2370"]
[Result "0-1"]
[Round "01"]
[TimeControl "180+1"]
[Date "2021.08.03"]
[WhiteClock "0:00:57"]
[BlackClock "0:00:57"]

1. d4 d5 2. c4 c6 3. Nc3 Nf6 4. e3 e6 5. Nf3 a6 6. Qc2 c5 7. cxd5 exd5 8. dxc5 Bxc5 9. Be2 O-O 10. O-O Nc6 11. a3 Qe7 12. b4 Ba7 13. Rd1 Rd8 14. Nd4 Bd7 15. Bb2 Rac8 16. Nb3 Ne5 17. Qb1 Neg4 18. Bxg4 Nxg4 19. Rf1 Qe5 20. g3 Rxc3 21. Bxc3 Qxc3 22. Nd4 Nxe3 23. Ne2 Qe5 24. Re1 Ng4 25. Kg2 Bxf2 0-1


[Site "https://www.chess.com"]

[Event "Titled Tuesday Blitz August 3 2021"]
[White "Belous, Vladimir"]
[Black "Ciorgovean, Iustin"]
[WhiteFideId "4174003"]
[BlackFideId "1242911"]
[WhiteElo "2510"]
[BlackElo "2075"]
[Result "1-0"]
[Round "01"]
[TimeControl "180+1"]
[Date "2021.08.03"]
[WhiteClock "0:02:04"]
[BlackClock "0:01:42"]

1. c4 Nf6 2. Nf3 g6 3. Nc3 Bg7 4. e4 O-O 5. d4 d6 6. h3 e5 7. d5 Na6 8. Bg5 h6 9. Be3 Nc5 10. Nd2 a5 11. Be2 c6 12. O-O Nfd7 13. Nb3 Nxb3 14. axb3 c5 15. Nb5 Qe7 16. Qd2 b6 17. Bxh6 Nb8 18. Bxg7 Kxg7 19. f4 exf4 20. Qxf4 Rd8 21. Rf2 Qe5 22. Qxf7+ 1-0


[Site "https://www.chess.com"]

[Event "Titled Tuesday Blitz August 3 2021"]
[White "Bethke, Richard"]
[Black "Trost, Edvin"]
[WhiteFideId "12959243"]
[BlackFideId "1729519"]
[WhiteElo "2359"]
[BlackElo "2028"]
[Result "1-0"]
[Round "01"]
[TimeControl "180+1"]
[Date "2021.08.03"]
[WhiteClock "0:00:10"]
[BlackClock "0:00:08"]

1. e4 c5 2. Nf3 a6 3. Nc3 e6 4. d4 cxd4 5. Nxd4 Qc7 6. Qd3 b5 7. Qg3 d6 8. Bd3 Nf6 9. O-O Nbd7 10. Rd1 Bb7 11. a3 O-O-O 12. Be3 Rg8 13. Bxb5 axb5 14. Ndxb5 Qa5 15. Rxd6 Bxd6 16. Nxd6+ Kb8 17. Nxf7+ Qc7 18. Bf4 e5 19. Nxe5 Ka8 20. Nf7 Qc5 21. Nxd8 Rxd8 22. Be3 Qc6 23. f3 Nb6 24. Qxg7 Nc4 25. Bg5 Rd6 26. Bxf6 Rxf6 27. Nd5 Rg6 28. Qh8+ Ka7 29. Qd4+ Ka8 30. b3 Nd6 31. c4 Nc8 32. Rd1 h5 33. Rd2 Qd6 34. c5 Qc6 35. b4 Re6 36. b5 Qd7 37. c6 Bxc6 38. bxc6 Qxc6 39. a4 Nd6 40. Qb6 Qxb6+ 41. Nxb6+ Kb7 42. Nd5 Nc4 43. Rd4 Ne5 44. f4 Ng4 45. h3 Nf6 46. Nc3 Ka6 47. e5 Ne8 48. Ne4 Rc6 49. f5 Rc1+ 50. Kh2 Rc2 51. f6 Rc7 52. Rd8 Nxf6 53. exf6 Rf7 54. Rd6+ Kb7 55. Ng5 Rf8 56. f7 Kc7 57. Rg6 Rxf7 58. Nxf7 Kd7 59. Rh6 Ke7 60. Rxh5 Kxf7 61. Rc5 Kg6 62. a5 Kf7 63. a6 Ke8 64. a7 Ke7 65. a8=Q Kd6 66. Qd5+ Ke7 67. Rc7+ Kf6 68. Rf7+ Kg6 69. Qf5+ Kh6 70. Rh7# 1-0


[Site "https://www.chess.com"]

[Event "Titled Tuesday Blitz August 3 2021"]
[White "Bon, Michael"]
[Black "Salinas Herrera, Pablo"]
[WhiteFideId "620696"]
[BlackFideId "3407128"]
[WhiteElo "2435"]
[BlackElo "2541"]
[Result "0-1"]
[Round "01"]
[TimeControl "180+1"]
[Date "2021.08.03"]
[WhiteClock "0:00:02"]
[BlackClock "0:00:03"]

1. e4 e5 2. Nc3 Nf6 3. Bc4 Bc5 4. d3 O-O 5. f4 d5 6. Nxd5 Ng4 7. f5 Nf2 8. Qh5 Kh8 9. Nh3 Nxh3 10. Qxh3 c6 11. Nc3 b5 12. Bb3 a5 13. a4 b4 14. Nd1 Nd7 15. Be3 Qe7 16. g4 Bxe3 17. Nxe3 Nc5 18. Bc4 Ba6 19. Qg3 Bxc4 20. Nxc4 f6 21. b3 Nb7 22. h4 Nd6 23. Ne3 Nf7 24. O-O-O Rad8 25. Rdg1 h6 26. g5 Rg8 27. gxh6 gxh6 28. Qf3 Rxg1+ 29. Rxg1 Rg8 30. Rg6 Rxg6 31. fxg6 Nd6 32. h5 Kg7 33. Ng4 Qe6 34. Ne3 Qd7 35. Nf5+ Nxf5 36. Qxf5 Qa7 37. Qe6 Qc7 38. Kd2 Qa7 39. Ke2 Qc7 40. Kf3 Qb7 41. Kg4 Qa7 42. Kf3 Qc7 43. Ke2 Qb7 44. Qc4 Qd7 45. Qc5 Qg4+ 46. Kd2 Qxh5 47. Qxc6 Qh2+ 48. Kc1 Kxg6 49. Qe8+ Kg5 0-1


[Site "https://www.chess.com"]

[Event "Titled Tuesday Blitz August 3 2021"]
[White "Brunner, Nicolas"]
[Black "Urazayev, Arystanbek"]
[WhiteFideId "620246"]
[BlackFideId "13709810"]
[WhiteElo "2372"]
[BlackElo "2321"]
[Result "0-1"]
[Round "01"]
[TimeControl "180+1"]
[Date "2021.08.03"]
[WhiteClock "0:00:14"]
[BlackClock "0:00:04"]

1. d4 d5 2. c4 e6 3. Nf3 a6 4. cxd5 exd5 5. Nc3 h6 6. Bf4 Nf6 7. e3 Bd6 8. Bxd6 Qxd6 9. Bd3 O-O 10. O-O Bg4 11. h3 Bxf3 12. Qxf3 Nbd7 13. Rac1 c6 14. Na4 Rfe8 15. Nc5 Nxc5 16. Rxc5 Ne4 17. Bxe4 Rxe4 18. Rfc1 Rae8 19. b4 g6 20. a4 h5 21. b5 cxb5 22. axb5 a5 23. Rc7 R4e7 24. Rxe7 Rxe7 25. Qd1 Rc7 26. Ra1 b6 27. Qb3 Kg7 28. g3 h4 29. g4 Kf6 30. Kg2 Qe6 31. Ra2 Qe4+ 32. f3 Qe6 33. Qd3 Qd6 34. f4 Rc4 35. Kf3 Qc7 36. g5+ Kg7 37. Kg4 Rc3 38. Qd2 Qc4 39. Kxh4 Rd3 40. Qf2 Qb3 41. Rb2 Qa3 42. Re2 a4 43. f5 Qd6 44. fxg6 Qxg6 45. Rb2 a3 46. Rc2 Qe4+ 47. Kh5 Qg6+ 48. Kg4 Rxe3 49. Qxe3 Qxc2 50. Qe5+ Kh7 51. Qxd5 Qg6 52. h4 Qe6+ 53. Qxe6 fxe6 0-1


[Site "https://www.chess.com"]

[Event "Titled Tuesday Blitz August 3 2021"]
[White "Chernikov, Vladimir"]
[Black "MikeKorovin"]
[WhiteFideId "14112914"]
[WhiteElo "2067"]
[BlackElo "2714"]
[Result "0-1"]
[Round "01"]
[TimeControl "180+1"]
[Date "2021.08.03"]
[WhiteClock "0:00:03"]
[BlackClock "0:00:19"]

1. c4 Nf6 2. Nc3 e6 3. e4 d5 4. e5 Nfd7 5. d4 c5 6. cxd5 exd5 7. Nxd5 cxd4 8. Qxd4 Nb6 9. Bc4 Be6 10. Bg5 Bb4+ 11. Kf1 Bxd5 12. Bb5+ Nc6 13. Bxd8 Bc4+ 14. Qxc4 Nxc4 15. Bxc4 Rxd8 16. a3 Bc5 17. Nf3 O-O 18. b4 Bd4 19. Nxd4 Rxd4 20. Rc1 Nxe5 21. Be2 Rfd8 22. f3 Rd2 23. Rc7 g6 24. Kf2 Re8 25. Rc3 Nd3+ 26. Rxd3 Rexe2+ 27. Kf1 Rf2+ 28. Ke1 Rfe2+ 29. Kf1 Rxd3 30. Kxe2 Rxa3 31. Rb1 Ra2+ 32. Ke3 Rxg2 33. b5 Rxh2 34. Ra1 a6 35. bxa6 bxa6 36. Rxa6 Kg7 37. Kf4 Rh5 38. Ra7 Rf5+ 39. Kg4 h5+ 40. Kg3 Kh6 41. Rb7 Kg5 42. Ra7 h4+ 43. Kg2 Kh5 44. Ra8 Kg5 45. Rh8 f6 46. Rg8 Ra5 47. Kh3 Ra3 48. Kg2 h3+ 49. Kg3 h2 50. Rh8 Ra2 51. f4+ Kf5 52. Kf3 Ra3+ 53. Kg2 Ra2+ 54. Kf3 Rb2 55. Rh4 Rb4 56. Rxh2 Rb3+ 57. Kf2 Rb2+ 58. Kg3 Rxh2 0-1


[Site "https://www.chess.com"]

[Event "Titled Tuesday Blitz August 3 2021"]
[White "Cunjalo, Faris"]
[Black "Spitzl, Vinzent"]
[WhiteFideId "14410710"]
[BlackFideId "12901253"]
[WhiteElo "2234"]
[BlackElo "2192"]
[Result "1/2-1/2"]
[Round "01"]
[TimeControl "180+1"]
[Date "2021.08.03"]
[WhiteClock "0:00:06"]
[BlackClock "0:00:07"]

1. d4 d5 2. Nf3 Nf6 3. e3 c5 4. Bd3 Nc6 5. b3 cxd4 6. exd4 Bg4 7. Bb2 e6 8. a3 Bd6 9. Nbd2 O-O 10. h3 Bh5 11. O-O Bg6 12. Qe2 Re8 13. Rfe1 Rc8 14. c4 dxc4 15. bxc4 Bb8 16. Rad1 Qd6 17. Bxg6 hxg6 18. Nb3 Qc7 19. Rc1 Na5 20. Nbd2 Qd6 21. Ne5 Nd7 22. Nef3 Nf6 23. Qe3 Qa6 24. Qd3 Nd5 25. Qf1 Nf4 26. g3 Nh5 27. Kg2 Nf6 28. Qe2 Qb6 29. Bc3 Qa6 30. Ba1 Bd6 31. Bb2 Bb8 32. Rc2 Red8 33. Rec1 Nd5 34. Ng5 Nf6 35. h4 Qc6+ 36. Kg1 Qa4 37. Qd3 Qc6 38. Ndf3 Qe8 39. Re1 Nc6 40. d5 Qf8 41. Bxf6 gxf6 42. Qc3 exd5 43. Qxf6 d4 44. Rd2 Bd6 45. Rd3 Be7 46. Qf4 Bd6 47. Qg4 Qg7 48. h5 gxh5 49. Qxh5 Ne5 50. Nxe5 Bxe5 51. Re4 Bf6 52. Rg4 Rc5 53. Ne4 Rxh5 54. Nxf6+ Kf8 55. Rxg7 Rf5 56. Nh5 Rxh5 57. Rg4 Ra5 58. Kf1 Ra4 59. c5 Rc4 60. Ke2 Ke7 61. Kd2 Rxc5 62. Rgxd4 Rxd4 63. Rxd4 Ra5 64. a4 Ke6 65. Kc3 a6 66. Kb4 Rf5 67. f4 Rd5 68. Rxd5 Kxd5 69. a5 Kc6 70. g4 b6 71. axb6 Kxb6 72. g5 Kc6 73. f5 Kd6 74. Ka5 Ke5 75. g6 Kf6 76. gxf7 Kxf7 77. Kxa6 Kf6 78. Ka7 Kxf5 1/2-1/2


[Site "https://www.chess.com"]

[Event "Titled Tuesday Blitz August 3 2021"]
[White "Dang, Hoang Son"]
[Black "Pandey Srishti"]
[WhiteFideId "12402435"]
[BlackFideId "35093290"]
[WhiteElo "2248"]
[BlackElo "1816"]
[Result "0-1"]
[Round "01"]
[TimeControl "180+1"]
[Date "2021.08.03"]
[WhiteClock "0:00:15"]
[BlackClock "0:00:20"]

1. d4 d5 2. c4 c6 3. Nf3 Nf6 4. cxd5 cxd5 5. Nc3 Nc6 6. Bf4 a6 7. e3 e6 8. Rc1 Bd6 9. Bg3 O-O 10. Bd3 Re8 11. a3 e5 12. dxe5 Nxe5 13. Nxe5 Bxe5 14. O-O Bg4 15. Be2 Bxe2 16. Qxe2 d4 17. Rfd1 Bxg3 18. hxg3 Qb6 19. Rxd4 Rac8 20. Rcd1 h6 21. Rb4 Qc7 22. Qf3 b5 23. Rf4 Rcd8 24. Rxd8 Rxd8 25. g4 Nh7 26. Rd4 Rxd4 27. exd4 Ng5 28. Qa8+ Kh7 29. Qxa6 Qf4 30. Qxb5 Qxd4 31. a4 Qxg4 32. Qd3+ g6 33. a5 Qb4 34. Qb5 Qf4 35. Ne2 Qg4 36. Ng3 h5 37. Qe2 Qa4 38. a6 h4 39. Nf1 h3 40. g3 Qc6 41. f4 Nf3+ 42. Kf2 Nd4 43. Qd3 Qg2+ 44. Ke3 Nf5+ 45. Qxf5 gxf5 46. Nd2 Qa8 47. Nf3 Qxa6 48. Ng5+ Kg6 49. Nxh3 Qb6+ 50. Kf3 Qxb2 51. Nf2 Qc3+ 52. Kg2 Qd2 53. Kf3 Qc3+ 54. Kg2 Qc6+ 55. Kh2 Qf3 56. Nh3 Kh5 57. Ng5 Qf2+ 58. Kh3 Qf1+ 59. Kh2 Kg4 0-1


[Site "https://www.chess.com"]

[Event "Titled Tuesday Blitz August 3 2021"]
[White "Darini, Pouria"]
[Black "Xie, Bryan"]
[WhiteFideId "12502200"]
[BlackFideId "30941296"]
[WhiteElo "2489"]
[BlackElo "1899"]
[Result "1-0"]
[Round "01"]
[TimeControl "180+1"]
[Date "2021.08.03"]
[WhiteClock "0:00:25"]
[BlackClock "0:00:27"]

1. e4 c5 2. Nf3 e6 3. d4 cxd4 4. Nxd4 Nc6 5. Nc3 Qc7 6. Be3 a6 7. Qf3 Nf6 8. Nxc6 bxc6 9. Qg3 Qxg3 10. hxg3 d5 11. Bd3 Bb4 12. exd5 cxd5 13. Bd4 h6 14. O-O-O Bd7 15. f3 Ke7 16. g4 Bd6 17. Rde1 Bf4+ 18. Kb1 Kd6 19. Ne2 Be5 20. Bxe5+ Kxe5 21. c3 Kd6 22. Nd4 e5 23. Nc2 Rhe8 24. Rd1 a5 25. Rhe1 Kc7 26. Ne3 Rad8 27. Bf5 Bxf5+ 28. Nxf5 Rg8 29. Rxe5 Rde8 30. Rxe8 Rxe8 31. Nxg7 Re2 32. Nf5 Rxg2 33. Nxh6 Rg3 34. Rf1 Rg2 35. Nxf7 Kd7 36. Ne5+ Ke6 37. Nd3 Nd7 38. Nf4+ Ke5 39. Nxg2 1-0


[Site "https://www.chess.com"]

[Event "Titled Tuesday Blitz August 3 2021"]
[White "Degenbaev, Aziz"]
[Black "Laxman, R.R."]
[WhiteFideId "13802640"]
[BlackFideId "5005361"]
[WhiteElo "1906"]
[BlackElo "2476"]
[Result "0-1"]
[Round "01"]
[TimeControl "180+1"]
[Date "2021.08.03"]
[WhiteClock "0:01:16"]
[BlackClock "0:02:27"]

1. c4 e6 2. Nc3 d5 3. d4 Nf6 4. cxd5 Nxd5 5. e4 Nxc3 6. bxc3 c5 7. Nf3 cxd4 8. cxd4 Bb4+ 9. Bd2 Bxd2+ 10. Qxd2 O-O 11. Rd1 b6 12. Bd3 Bb7 13. O-O Nd7 14. a4 Qe7 15. a5 b5 16. Rfe1 a6 17. Bb1 Rfd8 18. Qf4 Nf6 19. e5 Nd5 20. Qg3 Nc3 21. Bxh7+ Kxh7 22. Ng5+ Kg8 23. Qh4 Qc7 24. Rc1 Ne2+ 25. Kh1 Nxc1 26. Qh7+ Kf8 27. Qh8+ Ke7 28. Qxg7 Rf8 29. Qf6+ Ke8 30. Nh7 Rg8 0-1


[Site "https://www.chess.com"]

[Event "Titled Tuesday Blitz August 3 2021"]
[White "Filippova, Margarita"]
[Black "Batsuren, Dambasuren"]
[WhiteFideId "34199680"]
[BlackFideId "4902920"]
[WhiteElo "1829"]
[BlackElo "2371"]
[Result "0-1"]
[Round "01"]
[TimeControl "180+1"]
[Date "2021.08.03"]
[WhiteClock "0:00:26"]
[BlackClock "0:00:11"]

1. Nf3 Nf6 2. d4 c5 3. c4 cxd4 4. Nxd4 a6 5. Nc3 Qc7 6. e4 e6 7. Be3 b6 8. Be2 Bb7 9. f3 d6 10. O-O Nbd7 11. Qd2 Be7 12. Rfd1 O-O 13. Rac1 Rac8 14. b3 Qb8 15. Bf4 Ne5 16. Nc2 Rfd8 17. Bg3 h6 18. Ne3 Nh5 19. Bf2 Nf4 20. Bf1 Ba8 21. Kh1 Kh8 22. Bg3 g5 23. Ne2 Neg6 24. Qb2+ Kh7 25. Ng4 Nh5 26. Bf2 f5 27. exf5 exf5 28. Ne3 Bf6 29. Qc2 f4 30. Nf5 d5 31. Ned4 dxc4 32. bxc4 Bd5 33. Bd3 Bf7 34. Nb3 b5 35. c5 Ng7 36. Nd6 Rxd6 37. cxd6 Rxc2 38. Rxc2 Be6 39. Nc5 Bf5 40. Bxf5 Nxf5 41. d7 Ne3 42. Bxe3 fxe3 43. Ne6 Qe5 44. d8=Q Bxd8 45. Nxd8 e2 46. Re1 Nf4 47. g3 Qd5 48. gxf4 Qxf3+ 49. Kg1 Qe3+ 50. Kg2 Qe4+ 51. Kf2 Qxc2 52. Rxe2 Qc5+ 53. Kf1 Qc1+ 54. Kg2 Qxf4 55. Ne6 Qg4+ 56. Kf1 Qc4 57. Nf8+ Kg7 58. Ne6+ Kf6 59. Nd8 b4 60. Kf2 Qd4+ 61. Kf1 Qxd8 0-1


[Site "https://www.chess.com"]

[Event "Titled Tuesday Blitz August 3 2021"]
[White "Gallegos Diaz, Carlos Alberto"]
[Black "Assaubayeva, Bibisara"]
[WhiteFideId "3900886"]
[BlackFideId "13708694"]
[WhiteElo "2362"]
[BlackElo "2232"]
[Result "0-1"]
[Round "01"]
[TimeControl "180+1"]
[Date "2021.08.03"]
[WhiteClock "0:00:04"]
[BlackClock "0:00:14"]

1. e4 c5 2. Nf3 d6 3. Bb5+ Nd7 4. O-O a6 5. Bxd7+ Bxd7 6. c3 Nf6 7. Re1 e6 8. d4 cxd4 9. cxd4 d5 10. exd5 Nxd5 11. Nc3 Bc6 12. Ne5 Be7 13. Nxc6 bxc6 14. Qg4 O-O 15. Bh6 Bf6 16. Rad1 Kh8 17. Bc1 Rb8 18. Ne4 Be7 19. Qf3 Qb6 20. b3 f5 21. Nc5 Bxc5 22. dxc5 Qxc5 23. Rxe6 Rbe8 24. Rxe8 Rxe8 25. Qxf5 Rf8 26. Qd3 Qxf2+ 27. Kh1 Nc3 28. Rg1 Ne2 29. Be3 Qf1 30. Qd6 Nxg1 31. Bxg1 h6 32. Qxc6 Qe2 33. Qc5 Rf1 34. h3 Qxa2 35. Qc8+ Kh7 36. Qc4 Qb1 37. Qd4 Qxb3 38. Kh2 Qd1 39. Qe4+ Kg8 40. Qe8+ Rf8 41. Qe6+ Kh8 42. Be3 Qe2 43. Qe7 Rg8 44. Bc5 Qxe7 45. Bxe7 a5 46. Ba3 a4 47. g4 Rc8 48. h4 Rc2+ 49. Kg1 Rc3 0-1


[Site "https://www.chess.com"]

[Event "Titled Tuesday Blitz August 3 2021"]
[White "Galyas, Miklos"]
[Black "Ivanchuk, Vasyl"]
[WhiteFideId "707244"]
[BlackFideId "14100010"]
[WhiteElo "2409"]
[BlackElo "2710"]
[Result "1/2-1/2"]
[Round "01"]
[TimeControl "180+1"]
[Date "2021.08.03"]
[WhiteClock "0:02:20"]
[BlackClock "0:00:51"]

1. c4 Nf6 2. g3 c6 3. Bg2 d5 4. Nf3 g6 5. b3 Bg7 6. Bb2 O-O 7. O-O b6 8. d4 Bb7 9. Nc3 e6 10. Qc2 Nbd7 11. Rad1 Qe7 12. Rfe1 Rab8 13. e4 dxe4 14. Nxe4 Nxe4 15. Qxe4 c5 16. Qe2 Bxf3 17. Bxf3 cxd4 18. Bxd4 Rfd8 19. Bxg7 Kxg7 20. Bg2 a5 21. Rd2 Nc5 22. Red1 h5 23. h4 Kg8 24. Qe3 Rxd2 25. Qxd2 Rc8 26. Bf3 Rb8 27. Kg2 Rc8 28. Kg1 Rb8 29. Kg2 Rc8 30. Kg1 1/2-1/2


[Site "https://www.chess.com"]

[Event "Titled Tuesday Blitz August 3 2021"]
[White "Garv Gaur"]
[Black "Petriashvili, Nikoloz"]
[WhiteFideId "45030839"]
[BlackFideId "13611216"]
[WhiteElo "1950"]
[BlackElo "2430"]
[Result "0-1"]
[Round "01"]
[TimeControl "180+1"]
[Date "2021.08.03"]
[WhiteClock "0:01:37"]
[BlackClock "0:02:04"]

1. d4 Nf6 2. Nf3 g6 3. c4 Bg7 4. g3 O-O 5. Bg2 c5 6. d5 d6 7. O-O e6 8. Nc3 exd5 9. cxd5 Re8 10. Bf4 Nh5 11. Bg5 Qb6 12. Qc1 Nd7 13. Nd2 h6 14. Be3 Rxe3 15. fxe3 Ne5 16. Nf3 Bd7 17. Nxe5 Bxe5 18. Qc2 Re8 19. e4 Nf6 20. Rad1 Ng4 21. Rd3 c4+ 22. Kh1 cxd3 23. exd3 Ne3 24. Qf2 Nxf1 25. Qxb6 Nxg3+ 26. hxg3 axb6 27. Ne2 Bxb2 0-1


[Site "https://www.chess.com"]

[Event "Titled Tuesday Blitz August 3 2021"]
[White "Grabinsky, Aaron"]
[Black "Fernandez, Michael"]
[WhiteFideId "2087090"]
[BlackFideId "5803560"]
[WhiteElo "2353"]
[BlackElo "2110"]
[Result "1-0"]
[Round "01"]
[TimeControl "180+1"]
[Date "2021.08.03"]
[WhiteClock "0:00:44"]
[BlackClock "0:00:04"]

1. b3 d5 2. Bb2 Bf5 3. e3 Nf6 4. Nf3 c6 5. Be2 Nbd7 6. d3 e6 7. Nh4 Bg6 8. h3 Bb4+ 9. c3 Bd6 10. Nd2 Qe7 11. a3 O-O 12. c4 a5 13. O-O b5 14. Qc2 a4 15. Nxg6 hxg6 16. b4 Rfc8 17. Rac1 bxc4 18. dxc4 Be5 19. Nf3 Bxb2 20. Qxb2 Ne4 21. Rfd1 Rab8 22. Qc2 Nb6 23. c5 Nd7 24. Qxa4 Ra8 25. Qb3 e5 26. Ra1 f5 27. Qc2 g5 28. Nd2 Nxd2 29. Rxd2 f4 30. Bg4 Rd8 31. Bxd7 Qxd7 32. Qg6 f3 33. Qxg5 fxg2 34. Qxg2 Qf5 35. Qg4 Qf6 36. Raa2 e4 37. Rd4 Rf8 38. a4 Rab8 39. a5 Qh6 40. a6 Rf6 41. Kh2 Rg6 42. Qf4 Qxf4+ 43. exf4 Rf6 44. Kg3 Rf7 45. f3 exf3 46. Kxf3 Ra7 47. f5 Rba8 48. Kf4 Rxa6 49. Rxa6 Rxa6 50. Ke5 Kf7 51. Kd6 Kf6 52. Rg4 Ra3 53. Kxc6 Rxh3 54. Rg6+ Kxf5 55. Rxg7 Ke4 56. Rd7 d4 57. b5 d3 58. b6 Rh1 59. b7 Rb1 60. Kc7 Ke3 61. c6 1-0


[Site "https://www.chess.com"]

[Event "Titled Tuesday Blitz August 3 2021"]
[White "Grachev, Boris"]
[Black "Jian, Alex"]
[WhiteFideId "4129199"]
[BlackFideId "30901022"]
[WhiteElo "2595"]
[BlackElo "2111"]
[Result "1-0"]
[Round "01"]
[TimeControl "180+1"]
[Date "2021.08.03"]
[WhiteClock "0:01:09"]
[BlackClock "0:00:09"]

1. d4 Nf6 2. Bf4 e6 3. e3 c5 4. c3 b6 5. Nf3 Bb7 6. h3 Be7 7. Nbd2 O-O 8. Bd3 Nc6 9. O-O Rc8 10. Qe2 d5 11. Rad1 Bd6 12. Bxd6 Qxd6 13. e4 dxe4 14. Nxe4 Nxe4 15. Bxe4 cxd4 16. Nxd4 Nxd4 17. Rxd4 Qe7 18. Bxb7 Qxb7 19. Rfd1 Qc6 20. Rd6 Qa4 21. b3 Qa3 22. c4 h6 23. R1d2 Qc1+ 24. Kh2 Rc5 25. Qe3 Qb1 26. Rd7 Ra5 27. a4 Qf5 28. Qd3 Qf4+ 29. g3 Qe5 30. Qf3 Qa1 31. Rxf7 Rxf7 32. Rd8+ Kh7 33. Qxf7 Rf5 34. Qg8+ Kg6 35. Qxe6+ Rf6 36. Qe4+ Kf7 37. Qe8# 1-0


[Site "https://www.chess.com"]

[Event "Titled Tuesday Blitz August 3 2021"]
[White "Grinblat, Dmitry"]
[Black "Abdusattorov, Nodirbek"]
[WhiteFideId "4163257"]
[BlackFideId "14204118"]
[WhiteElo "2477"]
[BlackElo "2662"]
[Result "0-1"]
[Round "01"]
[TimeControl "180+1"]
[Date "2021.08.03"]
[WhiteClock "0:00:41"]
[BlackClock "0:01:04"]

1. d4 Nf6 2. Nf3 c5 3. c4 e6 4. Nc3 cxd4 5. Nxd4 Nc6 6. g3 Qb6 7. Nc2 Ng4 8. e3 Nge5 9. Be2 Be7 10. O-O O-O 11. b3 d6 12. Bb2 a6 13. f4 Ng6 14. Kh1 Bd7 15. Bf3 Rfd8 16. Qe2 Rac8 17. e4 Bf6 18. Rfd1 Qc7 19. Rac1 Qb8 20. h4 b5 21. h5 Nf8 22. cxb5 axb5 23. b4 h6 24. a3 Be8 25. Qf2 Nd7 26. e5 dxe5 27. Ne4 Be7 28. Ne3 exf4 29. gxf4 Qxf4 30. Rg1 Nde5 31. Rcf1 Nd4 32. Ng2 Qxf3 0-1


[Site "https://www.chess.com"]

[Event "Titled Tuesday Blitz August 3 2021"]
[White "Grochal, Joey"]
[Black "Kobalia, Mikhail"]
[WhiteFideId "1019945"]
[BlackFideId "4119150"]
[WhiteElo "2265"]
[BlackElo "2569"]
[Result "0-1"]
[Round "01"]
[TimeControl "180+1"]
[Date "2021.08.03"]
[WhiteClock "0:01:17"]
[BlackClock "0:01:53"]

1. d4 Nf6 2. c4 g6 3. Nc3 Bg7 4. e4 O-O 5. Nf3 d6 6. Be2 e5 7. d5 a5 8. Bg5 h6 9. Bh4 Na6 10. O-O Qe8 11. Nd2 Nh7 12. a3 f5 13. exf5 gxf5 14. Bh5 Qd7 15. b4 e4 16. Qb3 Kh8 17. Rae1 Bf6 18. Bxf6+ Nxf6 19. Bd1 Qg7 20. c5 axb4 21. axb4 dxc5 22. b5 Nb4 23. Nc4 Nd3 24. Re3 f4 25. Rxe4 Nxe4 26. Nxe4 Bh3 27. Bf3 Bxg2 28. Bxg2 f3 29. Ng3 fxg2 30. Kxg2 Qd4 31. Qc2 Nf4+ 32. Kh1 Qxd5+ 33. f3 Qd3 34. Qb2+ Qd4 35. Qc2 Ra1 0-1


[Site "https://www.chess.com"]

[Event "Titled Tuesday Blitz August 3 2021"]
[White "Gubanov, Oleg"]
[Black "Daggupati, Balaji"]
[WhiteFideId "14115115"]
[BlackFideId "2090759"]
[WhiteElo "2251"]
[BlackElo "2670"]
[Result "0-1"]
[Round "01"]
[TimeControl "180+1"]
[Date "2021.08.03"]
[WhiteClock "0:00:58"]
[BlackClock "0:02:03"]

1. Nf3 d5 2. g3 Nc6 3. d4 Bf5 4. Bg2 Qd7 5. O-O O-O-O 6. b3 Bh3 7. Ne5 Nxe5 8. dxe5 Bxg2 9. Kxg2 f6 10. exf6 exf6 11. Be3 h5 12. h4 g5 13. Rh1 d4 14. Bd2 gxh4 15. Rxh4 Ne7 16. Qh1 Ng6 17. Rxh5 Qc6+ 18. Kg1 Rxh5 19. Qxh5 Qxc2 20. Bh6 Bxh6 21. Qxh6 Ne5 22. Qxf6 Qd1+ 23. Kg2 Qxe2 24. Na3 Qe4+ 25. Kg1 Nf3+ 26. Kf1 d3 27. Qf4 Qe2+ 28. Kg2 Ne1+ 29. Kg1 d2 30. Nb5 Qxb5 0-1


[Site "https://www.chess.com"]